 Dungeon Crawl Stone Soup version 0.19-a0-1654-g9d3f708 (webtiles) character file.

25144 Lochraine the Quickloader (level 13, -2/80 HPs)
             Began as a Kobold Hunter on Sept 19, 2016.
             Was a High Priest of Okawaru.
             Slain by Rupert
             ... wielding a +6 great mace of crushing
              (21 damage)
             ... on level 4 of the Lair of Beasts on Sept 20, 2016.
             The game lasted 01:37:38 (13578 turns).

Lochraine the Quickloader (Kobold Hunter)          Turns: 13578, Time: 01:37:38

Health: -2/80      AC: 25    Str: 14    XL:     13   Next: 48%
Magic:  17/18      EV: 22    Int: 12    God:    Okawaru [*****.]
Gold:   753        SH:  0    Dex: 28    Spells: 1 memorised, 15 levels left

rFire  + + .     SeeInvis +     b - +0 falchion (elec)
rCold  . . .     Gourm    .     I - +7 ring mail "Zeaddaixt" {*Drain MR++ Dex+3}
rNeg   . . .     Faith    .     (shield restricted)
rPois  +         Spirit   .     D - +2 helmet of Compression {Regen+ Str+2 SInv}
rElec  .         Dismiss  .     (no cloak)
rCorr  .         Reflect  .     K - +2 pair of gloves {Dex+3}
MR     ++...     Harm     .     e - +1 pair of boots
Stlth  ++++......               (no amulet)
                                k - ring "Cecseidu" {+Inv rPois rF++ Str+2 Dex+2}
                                h - +3 ring of protection

@: slowed, very slow
A: carnivore 3
a: Heroism, Finesse, Renounce Religion, Evoke Invisibility


You were on level 4 of the Lair of Beasts.
You worshipped Okawaru.
Okawaru was extremely pleased with you.
You were completely stuffed.

You visited 3 branches of the dungeon, and saw 15 of its levels.

You collected 753 gold pieces.

Inventory:

Hand Weapons
 a - a +2 arbalest
 b - a +0 falchion of electrocution (weapon)
 t - a +3 dagger of draining
Missiles
 d - 243 bolts
Armour
 e - a +1 pair of boots (worn)
 r - a +3 scale mail of magic resistance
 D - the +2 helmet of Compression (worn) {Regen+ Str+2 SInv}
   (You found it on level 6 of the Dungeon)

   It affects your strength (+2).
   It lets you see invisible.
   It increases your rate of regeneration.
 I - the +7 ring mail "Zeaddaixt" (worn) {*Drain MR++ Dex+3}
   (You found it on level 6 of the Dungeon)

   It affects your dexterity (+3).
   It affects your resistance to hostile enchantments.
   It causes draining when unequipped.
 K - a +2 pair of gloves of dexterity (worn)
Jewellery
 h - a +3 ring of protection (left hand)
 k - the ring "Cecseidu" (right hand) {+Inv rPois rF++ Str+2 Dex+2}
   (You found it on level 2 of the Lair of Beasts)

   [ring of poison resistance]

   It affects your strength (+2).
   It affects your dexterity (+2).
   It greatly protects you from fire.
   It protects you from poison.
   It lets you turn invisible.
 V - an uncursed ring of flight
Wands
 v - a wand of lightning (11/15)
 G - a wand of flame (23/48)
 H - a wand of enslavement (10/24)
 M - a wand of polymorph (10/24)
 R - a wand of lightning (8/15)
 Y - a wand of digging (9/24)
Scrolls
 l - 2 scrolls of teleportation
 m - a scroll of enchant armour
 y - 2 scrolls of identify
 S - a scroll of noise {unknown}
 U - a scroll of vulnerability {unknown}
 W - a scroll of summoning {unknown}
 X - a scroll of magic mapping
 Z - 3 scrolls of remove curse
Potions
 c - a potion of cure mutation
 i - a potion of flight
 n - a potion of degeneration {unknown}
 p - a potion of brilliance {unknown}
 s - 2 potions of magic
 w - 3 potions of ambrosia {unknown}
 z - 3 potions of might {unknown}
 C - a potion of agility {unknown}
 F - 3 potions of heal wounds {unknown}
 L - a potion of resistance {unknown}
 N - a potion of cancellation {unknown}
 O - a potion of berserk rage {unknown}
Books
 E - a book of Necromancy

   Spells                             Type                      Level
   a - Pain                           Necromancy                   1
   b - Animate Skeleton               Necromancy                   1
   c - Vampiric Draining              Necromancy                   3
   d - Regeneration                   Charms/Necromancy            3
   e - Animate Dead                   Necromancy                   4
   f - Control Undead                 Necromancy                   4
 J - a book of Conjurations

   Spells                             Type                      Level
   a - Magic Dart                     Conjuration                  1
   b - Searing Ray                    Conjuration                  2
   c - Dazzling Spray                 Conjuration/Hexes            3
   d - Fulminant Prism                Conjuration/Hexes            4
   e - Iskenderun's Mystic Blast      Conjuration                  4
   f - Iskenderun's Battlesphere      Conjuration/Charms           5
 Q - a Fen Folio

   Spells                             Type                      Level
   a - Corpse Rot                     Necromancy                   2
   b - Stone Arrow                    Conjuration/Earth            3
   c - Leda's Liquefaction            Hexes/Earth                  4
   d - Summon Forest                  Summoning/Translocation      5
   e - Hydra Form                     Transmutation                6
   f - Summon Hydra                   Summoning                    7
Miscellaneous
 P - a fan of gales (inert)
Comestibles
 f - 7 meat rations
 g - 8 slices of pizza
 j - 14 chunks of flesh
 A - 2 royal jellies
 T - 6 beef jerkies


   Skills:
 - Level 9.4 Fighting
 - Level 8.0(10.0) Short Blades
 + Level 6.0(6.8) Long Blades
 - Level 11.0 Crossbows
 - Level 8.0 Armour
 - Level 9.1 Dodging
 - Level 6.3 Stealth
 - Level 2.0 Spellcasting
 - Level 3.1 Necromancy
 - Level 7.0 Invocations
 - Level 7.0 Evocations


You had 15 spell levels left.
You knew the following spells:

 Your Spells              Type           Power        Failure   Level  Hunger
a - Animate Skeleton      Necr           N/A          14%         1    ##.....


Dungeon Overview and Level Annotations

Branches:
Dungeon (10/15)            Temple (1/1) D:7            Lair (4/6) D:10
  Swamp (0/4) Lair:3       Spider (0/4) Lair:2
    Orc: D:9-12

Altars:
Ashenzari
Cheibriados
Dithmenos
Elyvilon
Fedhas
Gozag
Hepliaklqana
Kikubaaqudgha
Makhleb
Nemelex Xobeh
Okawaru
Qazlal
Ru
Sif Muna
Trog
Uskayaw
Vehumet
Xom
Yredelemnul
Zin
The Shining One

Shops:
D:5 }

Annotations:
D:4 Ruebezahl's ghost, amateur MiFi
Lair:4 Rupert


Innate Abilities, Weirdness & Mutations

You are small and have problems with some larger weapons.
You are carnivorous and can eat meat at any time.


Message History

Something bites the wraith.
You hit Rupert.
Rupert is moderately wounded.
Rupert barely misses you.
The wraith hits something!
The wraith drains something's vigour!
Something bites the wraith!
The wraith is destroyed!
Okawaru accepts your kill.
Your Long Blades skill increases to level 6!
You hit Rupert.
There is a sudden explosion of sparks!
Rupert is heavily wounded.
Rupert hits you with a great mace of crushing!!
You hit Rupert but do no damage.
Rupert is heavily wounded.
Rupert hits you with a great mace of crushing!!
* * * LOW HITPOINT WARNING * * *
x2 Your black mamba bites Rupert.
Okay, then.
Your hands slow down.
Rupert hits you with a great mace of crushing!!
You die...

........................ .....
...............Z........ .....
................Z................
.............P##ZZ..........<....
.....(......###.####........ ....
P..P..P....###..## ........# #.
.##P.#......P#...###....PP..
......P..........##.........
...........#.#..@##.........
...........###...@#.........
#.#P##S.....P..P #.#####.)...####
.# P.#........ .. .............
.. ...............
........(...... ...............


You could see Rupert (berserk) and a friendly black mamba.

Vanquished Creatures
  The ghost of B1inky the Carver, a journeyman OpMo of Gozag (Lair:3)
  3 hydras
  Nergalle (Lair:1)
  2 hill giants
  2 black mambas
  10 spiny frogs
  3 komodo dragons
  2 rime drakes (Lair:3)
  2 trolls
  2 jumping spiders (Lair:2)
  A polar bear (Lair:4)
  17 blink frogs
  3 hippogriffs (Lair:2)
  2 dream sheep (D:8)
  4 wraiths (Lair:4)
  10 yaks
  A wyvern (D:9)
  Grum (D:8)
  2 basilisks
  4 water moccasins
  4 porcupines
  2 ice beasts
  3 orc warriors
  3 sky beasts
  3 black bears (D:6)
  3 phantoms
  4 centaurs
  A necrophage (D:6)
  5 ogres
  4 wolves (D:8)
  6 crocodiles
  4 big kobolds
  11 bullfrogs
  3 scorpions
  2 wights
  A vampire bat (Lair:2)
  3 electric eels (D:9)
  A howler monkey (D:7)
  5 crimson imps
  A quasit (D:6)
  A centaur zombie (D:10)
  A gnoll shaman (D:8)
  2 jellies
  2 orc priests
  5 hounds
  7 orc wizards
  2 bullfrog skeletons
  Terence (D:2)
  7 iguanas
  10 worker ants
  A hound zombie (D:6)
  A hound skeleton (D:7)
  A howler monkey zombie (D:6)
  8 gnolls
  28 river rats
  13 adders
  2 shadow imps
  An adder skeleton (D:8)
  2 worms (D:2)
  6 leopard geckos
  24 orcs
  2 ball pythons
  12 bats
  7 giant cockroaches
  6 goblins
  8 hobgoblins
  4 jackals (D:10)
  12 kobolds
  2 quokkas
  3 frilled lizards
  A jackal zombie (D:5)
  7 rats
331 creatures vanquished.

Vanquished Creatures (collateral kills)
  Josephine (Lair:4)
  A hydra (Lair:4)
  2 spiny frogs
  A troll (D:10)
  A wraith (Lair:4)
  2 redbacks (Lair:2)
  A basilisk (Lair:2)
  A water moccasin (Lair:3)
  2 bullfrogs
  A hound (D:10)
  9 river rats
22 creatures vanquished.

Vanquished Creatures (others)
  5 fungi
  3 plants
8 creatures vanquished.

Grand Total: 361 creatures vanquished

Notes
Turn   | Place    | Note
-------+----------+-------------------------------------------
     0 | D:1      | Lochraine the Kobold Hunter began the quest for the Orb.
     0 | D:1      | Reached XP level 1. HP: 12/12 MP: 1/1
   121 | D:1      | Reached XP level 2. HP: 8/17 MP: 2/2
   618 | D:1      | Upgraded the game from 0.19-a0-1637-gfc13266 to 0.19-a0-1654-g9d3f708
   633 | D:1      | Reached XP level 3. HP: 21/21 MP: 3/3
  1133 | D:2      | Reached skill level 5 in Stealth
  1164 | D:2      | Reached XP level 4. HP: 18/26 MP: 4/4
  1312 | D:2      | Noticed Terence
  1316 | D:2      | Killed Terence
  1625 | D:3      | Reached XP level 5. HP: 30/30 MP: 5/5
  1631 | D:3      | Found an opulent altar of Gozag.
  2241 | D:4      | Reached XP level 6. HP: 35/35 MP: 6/6
  2322 | D:4      | Noticed Ruebezahl's ghost (amateur MiFi)
  2587 | D:4      | Reached skill level 5 in Dodging
  2845 | D:4      | Found a white marble altar of Elyvilon.
  3018 | D:5      | Entered Level 5 of the Dungeon
  3139 | D:5      | Reached skill level 1 in Short Blades
  3272 | D:5      | Reached XP level 7. HP: 34/40 MP: 7/7
  3301 | D:5      | Found Naarphyku's Quality Used Wands.
  3893 | D:6      | Reached skill level 5 in Short Blades
  3961 | D:6      | Reached XP level 8. HP: 42/44 MP: 8/8
  4057 | D:6      | Found a glowing silver altar of Zin.
  4057 | D:6      | Found an opulent altar of Gozag.
  4058 | D:6      | Found a shattered altar of Ashenzari.
  4342 | D:6      | Got a bloodstained helmet
  4343 | D:6      | Identified the +2 helmet of Compression {Regen+ Str+2 SInv} (You found it on level 6 of the Dungeon)
  4609 | D:6      | Reached skill level 5 in Fighting
  4662 | D:6      | Reached skill level 5 in Crossbows
  4729 | D:6      | Reached XP level 9. HP: 43/54 MP: 9/9
  4736 | D:6      | Got a faintly glowing ring mail
  4753 | D:6      | Identified the +7 ring mail "Zeaddaixt" {*Drain MR++ Dex+3} (You found it on level 6 of the Dungeon)
  4775 | D:6      | Reached skill level 6 in Crossbows
  4854 | D:6      | Reached skill level 1 in Armour
  5314 | D:7      | Found a staircase to the Ecumenical Temple.
  5320 | Temple   | Entered the Ecumenical Temple
  5504 | Temple   | Became a worshipper of Warmaster Okawaru
  5768 | D:8      | Reached skill level 5 in Armour
  5858 | D:8      | Found a sparkling altar of Nemelex Xobeh.
  6012 | D:8      | Noticed a hill giant
  6016 | D:8      | Reached * piety under Okawaru
  6074 | D:8      | Reached XP level 10. HP: 41/59 MP: 7/10
  6215 | D:8      | Reached ** piety under Okawaru
  6679 | D:8      | Found a shadowy altar of Dithmenos.
  6728 | D:8      | Killed a hill giant
  6728 | D:8      | Reached skill level 7 in Crossbows
  6787 | D:8      | Noticed a three-headed hydra
  6809 | D:8      | Reached skill level 8 in Crossbows
  6845 | D:8      | Killed a three-headed hydra
  6845 | D:8      | Reached skill level 9 in Crossbows
  6953 | D:8      | Noticed Grum
  6956 | D:8      | Reached XP level 11. HP: 64/64 MP: 11/11
  6968 | D:8      | Killed Grum
  6968 | D:8      | Reached *** piety under Okawaru
  6968 | D:8      | Reached skill level 10 in Crossbows
  7643 | D:9      | Reached skill level 11 in Crossbows
  7857 | D:9      | Learned a level 1 spell: Animate Skeleton
  8000 | D:9      | Reached skill level 1 in Necromancy
  8154 | D:9      | Reached skill level 1 in Spellcasting
  8424 | D:10     | Entered Level 10 of the Dungeon
  8473 | D:10     | Found a staircase to the Lair.
  8489 | D:10     | Reached **** piety under Okawaru
  8568 | D:10     | Noticed a hill giant
  8983 | D:10     | Identified the Disquisition on Companions
  9071 | D:10     | Received a gift from Okawaru
  9177 | D:10     | Reached skill level 1 in Invocations
  9295 | D:10     | Killed a hill giant
  9514 | Lair:1   | Entered Level 1 of the Lair of Beasts
  9581 | Lair:1   | Reached skill level 1 in Evocations
  9631 | Lair:1   | Received a gift from Okawaru
  9830 | Lair:1   | Received a gift from Okawaru
  9856 | Lair:1   | Reached XP level 12. HP: 20/70 MP: 15/15
  9974 | Lair:1   | Noticed Nergalle
 10040 | Lair:1   | Killed Nergalle
 10575 | Lair:1   | Reached ***** piety under Okawaru
 10590 | Lair:2   | Received a gift from Okawaru
 10728 | Lair:2   | Noticed a six-headed hydra
 10836 | Lair:2   | Received a gift from Okawaru
 11080 | Lair:2   | Received a gift from Okawaru
 11080 | Lair:2   | Reached skill level 5 in Invocations
 11244 | Lair:2   | Got a pitted lapis lazuli ring
 11245 | Lair:2   | Identified the ring "Cecseidu" {+Inv rPois rF++ Str+2 Dex+2} (You found it on level 2 of the Lair of Beasts)
 11557 | Lair:2   | Killed a six-headed hydra
 11822 | Lair:2   | Found a hole to the Spider Nest.
 12042 | Lair:3   | Received a gift from Okawaru
 12145 | Lair:3   | Noticed a four-headed hydra
 12153 | Lair:3   | Noticed B1inky's ghost (journeyman OpMo)
 12156 | Lair:3   | Killed a four-headed hydra
 12156 | Lair:3   | Reached skill level 5 in Evocations
 12178 | Lair:2   | Reached XP level 13. HP: 22/80 MP: 15/18
 12422 | Lair:3   | Killed B1inky's ghost
 12422 | Lair:3   | Reached skill level 1 in Long Blades
 12824 | Lair:3   | Found a staircase to the Swamp.
 12938 | Lair:3   | Received a gift from Okawaru
 13161 | Lair:4   | Found a sacrificial altar of Ru.
 13461 | Lair:4   | Reached skill level 5 in Long Blades
 13474 | Lair:4   | Noticed a four-headed hydra
 13483 | Lair:4   | Killed a four-headed hydra
 13551 | Lair:4   | Noticed Josephine
 13563 | Lair:4   | Noticed Rupert
 13566 | Lair:4   | Killed Josephine
 13566 | Lair:4   | Received a gift from Okawaru
 13578 | Lair:4   | Slain by Rupert

Vault maps used:
D:1:      saegor_arrival_under_anarchy
D:2:      first_bread, kennysheep_crisscross, minmay_tetromino_l4, uniq_terence
D:3:      grunt_gozag_statues
D:4:      wad_crossroads, overflow_temple_1_default, st_stairs_12
D:5:      kennysheep_six_static_rooms, nicolae_for_you_no_charge
D:6:      kennysheep_windowed_halls, gammafunk_temple_overflow_claw
D:8:      nemelex_xobeh_ov_fountains_minmay, hangedman_ranch,
          minmay_misc_feat_enclosed, grunt_dithmenos_shadows, uniq_grum
D:9:      serial_bayou_ford_a, small_chamber_with_monster
D:10:     lair_0_dummy
Temple:   regret_index_temple_sphere_string
Lair:1:   uniq_nergalle
Lair:2:   spider_nest_entry_funnel_web, roderic_batcave, beast_lair_carwin_2,
          serial_bayou_shore_b, grunt_megastairs_3
Lair:3:   swamp_mist, lemuel_fruit_tree
Lair:4:   lemuel_centaur_altar, uniq_josephine, uniq_rupert

Skill      XL: |  1  2  3  4  5  6  7  8  9 10 11 12 13 |
---------------+----------------------------------------+-----
Stealth        | 2 3 5 6 |  6.3
Dodging        | 4 6 8 9 |  9.1
Short Blades   | 1 6 8 |  8.0
Fighting       | 5 6 9 |  9.4
Crossbows      | 5 6 9 11 | 11.0
Armour         | 6 8 |  8.0
Necromancy     | 3 |  3.1
Spellcasting   | 2 |  2.0
Invocations    | 3 7 |  7.0
Evocations     | 4 6 7 |  7.0
Long Blades    | 6 |  6.0

Action                   |  1- 3 |  4- 6 |  7- 9 | 10-12 | 13-15 || total
-------------------------+-------+-------+-------+-------+-------++-------
Melee: Short sword       |   100 |       |   263 |   597 |       ||   960
       Dagger            |     1 |    64 |    20 |   233 |       ||   318
       Punch             |       |       |       |     3 |       ||     3
       Falchion          |       |       |       |       |   203 ||   203
       Long sword        |       |       |       |       |    17 ||    17
 Fire: Hand crossbow     |    28 |    52 |    77 |   280 |    57 ||   494
       Arbalest          |       |       |       |       |     9 ||     9
 Cast: Animate Skeleton  |       |       |       |     6 |    14 ||    20
Invok: Heroism           |       |       |     1 |    11 |       ||    12
       Finesse           |       |       |       |     2 |     3 ||     5
Evoke: Wand              |       |       |       |     3 |     5 ||     8
       Fan of gales      |       |       |       |     1 |       ||     1
  Use: Scroll            |       |     2 |     4 |    12 |     5 ||    23
       Potion            |       |     1 |     1 |     4 |     1 ||     7
 Stab: Sleeping          |     6 |    11 |    17 |     7 |     5 ||    46
       Distracted        |       |     1 |     2 |     2 |     2 ||     7
  Eat: Chunk             |     9 |     7 |     9 |    20 |     5 ||    50
Armor: Leather armour    |    18 |     9 |    20 |       |       ||    47
       Ring mail         |       |       |    34 |   251 |    41 ||   326
       Skin              |       |       |     7 |    20 |       ||    27
Dodge: Dodged            |    84 |    67 |   175 |   698 |   177 ||  1201
